 Dungeon Crawl Stone Soup version 0.25-a0-44-g29a1220a87 (webtiles) character file.

Game seed: 8721445779418341923, levelgen mode: deterministic

9 Alarkh the Skirmisher (level 2, 23/24 HPs)
             Began as a Demonspawn Fighter on Oct 23, 2019.
             Got out of the dungeon alive.
             The game lasted 00:00:15 (334 turns).

Alarkh the Skirmisher (Demonspawn Fighter)           Turns: 334, Time: 00:00:16

Health: 23/24      AC:  6    Str: 16    XL:     2   Next: 3%
Magic:  2/2        EV:  6    Int:  9    God:
Gold:   30         SH:  8    Dex: 12    Spells: 1/1 levels left

rFire    . . .     SeeInvis .   a - +0 long sword
rCold    . . .     Gourm    .   c - +0 shield
rNeg     . . .     Faith    .   b - +0 scale mail
rPois    .         Spirit   .   (no helmet)
rElec    .         Reflect  .   (no cloak)
rCorr    .         Harm     .   (no gloves)
MR       .....                  (no boots)
Stlth    ..........             (no amulet)
HPRegen  0.08/turn              (no ring)
MPRegen  0.08/turn              (no ring)

@: no status effects
A: powered by pain 1
a: no special abilities


You escaped.
You were not hungry.

You visited 1 branch of the dungeon, and saw 1 of its levels.

You collected 30 gold pieces.

Inventory:

Hand Weapons
 a - a +0 long sword (weapon)
Armour
 b - a +0 scale mail (worn)
 c - a +0 shield (worn)
Scrolls
 j - a scroll of fog {unknown}
Potions
 d - a potion of might
 e - a potion of brilliance {unknown}
 g - a potion of cancellation {unknown}
 i - a potion of agility {unknown}
 k - a potion of mutation {unknown}
Comestibles
 f - 2 rations
 h - 2 chunks of flesh


   Skills:
 - Level 3.0 Fighting
 + Level 2.5 Long Blades
 - Level 2.6 Armour
 - Level 2.6 Shields


You had one spell level left.
You didn't know any spells.
Your spell library was empty.

Dungeon Overview and Level Annotations

Branches:
Dungeon (1/15)

Altars:


Innate Abilities, Weirdness & Mutations

You sometimes gain a little power by taking damage.


Message History

Some of the chunks of flesh in your inventory have rotted away.
h - 2 chunks of flesh (gained 1)
You see here a rat skeleton. x2
You now have 30 gold pieces (gained 15).
Found 16 arrows.
No target in view!
Key pressed, stopping explore.
No target in view!
Key pressed, stopping explore.
No target in view!
Key pressed, stopping explore.
No target in view!
Key pressed, stopping explore.
No target in view!
Unknown command.
There is a staircase leading out of the dungeon here.
Are you sure you want to leave the Dungeon?
This will make you lose the game!
Alright, then stay!
Are you sure you want to leave the Dungeon?
This will make you lose the game!
You have escaped!

#.....#..##.##...###
####.......##.##......#
#....†...###.##.....#.#
#.##.....##.##.....##.#
#.########.##.....##(.#
#.........##.....##.#.#
#.#########.....##.##.#####
#...........>..##.###......
#.....^...@...##.##..(.....
#...........8..##.##.......
#.#########.....##.##......
#...)...(.##.....##.#......
##########.##.....##.......
##.##.....##......
##.##.....#.....# #..#
##.##........... #..#
##.##......)...


There were no monsters in sight!

Vanquished Creatures
  A dart slug (D:1)
  A bat (D:1)
  A hobgoblin (D:1)
  2 kobolds (D:1)
  2 rats (D:1)
7 creatures vanquished.

Notes
Turn   | Place    | Note
-------+----------+-------------------------------------------
     0 | D:1      | Alarkh the Demonspawn Fighter began the quest for the Orb.
     0 | D:1      | Reached XP level 1. HP: 18/18 MP: 1/1
   294 | D:1      | Gained mutation: You sometimes gain a little power by
                  | taking damage. [demonic ancestry]
   294 | D:1      | Reached XP level 2. HP: 24/24 MP: 2/2
   334 | D:$      | Got out of the dungeon alive.

Levels and vault maps discovered:
D:1:      psy_arrival_spokes, layout_rooms, nrook_loot_triangle

Skill      XL: |  1 |
---------------+----+-----
Long Blades    | 2 |  2.5
Fighting       | |  3.0
Armour         | |  2.6
Shields        | |  2.6

Action                   || total
-------------------------++-------
Melee: Long sword        ||    34
Armor: Scale mail        ||    27
Dodge: Dodged            ||    16
Block: Shield            ||    29
       Rpst.: Long sword ||     3

Table legend:
 A = Non-vault XP
 B = Vault XP
 C = Vault XP percentage of total XP
 D = Non-vault monster count
 E = Vault monster count
 F = Vault count percentage of total count
                 A         B        C        D         E       F
            +---------+---------+-------+---------+---------+-------
      Total |      13 |       0 |   0.0 |       7 |       0 |   0.0
            +---------+---------+-------+---------+---------+-------
        D:1 |      13 |       0 |   0.0 |       7 |       0 |   0.0
            +---------+---------+-------+---------+---------+-------
